 Dungeon Crawl Stone Soup version 0.32-a0-314-g526f7d4993 (webtiles) character file.

Game seed: 10026246439107575977

49 IdlyInterested the Trooper (level 3, -5/29 HPs)
             Began as a Demonspawn Fighter on Feb 15, 2024.
             Slain by a gnoll
             ... wielding a +0 club
              (7 damage)
             ... on level 2 of the Dungeon.
             The game lasted 00:03:38 (681 turns).

IdlyInterested the Trooper (Demonspawn Fighter)      Turns: 681, Time: 00:03:39

Health: -5/29      AC:  6    Str: 16    XL:     3   Next: 53%
Magic:  3/3        EV:  9    Int:  8    God:
Gold:   125        SH:  4    Dex: 14    Spells: 2/2 levels left

rFire   . .          .
                       - Unarmed
rCold   . . .        b - +0 buckler
rNeg    . . .        a - +0 scale mail
rPois   .            (no helmet)
rElec   .            (no cloak)
rCorr   .            (no gloves)
SInv    .            (no boots)
Will    .....        (no amulet) Stlth
                     (no ring)
HPRegen 0.24/turn    (no ring)
MPRegen 0.08/turn

%: no passive effects
@: no status effects
A: claws 1
a: no special abilities


You were on level 2 of the Dungeon.
You visited 1 branch of the dungeon, and saw 2 of its levels.

You collected 125 gold pieces.

Inventory:

Hand Weapons
 d - a +0 spear
 e - a +0 short sword
Missiles
 f - 2 poisoned darts
 g - 15 stones (quivered)
 h - 4 javelins
Armour
 a - a +0 scale mail (worn)
 b - a +0 buckler (worn)
Magical Staves
 j - a staff of fire
Scrolls
 i - a scroll of enchant weapon {unknown}
Potions
 c - a potion of might


   Skills:
 - Level 3.0 Fighting
 * Level 0.8 Throwing
 - Level 2.6 Armour
 - Level 2.0 Dodging
 - Level 1.0 Stealth
 - Level 2.6 Shields
 + Level 2.2 Unarmed Combat


You had 2 spell levels left.
You didn't know any spells.
Your spell library contained the following spells:

 Spells                   Type           Power      Damage    Failure   Level
 Blink                    Tloc           0%         N/A       97%         2
 Lesser Beckoning         Tloc           0%         N/A       97%         2
 Momentum Strike          Conj/Tloc      0%         3d8       97%         2


Dungeon Overview and Level Annotations

Branches:
Dungeon (2/15)

Altars:

Shops:
D:1 =


Innate Abilities, Weirdness & Mutations

You have sharp fingernails.


Message History

You closely miss the gnoll.
The gnoll is almost dead.
The gnoll hits you with a +0 spear.
You barely miss the gnoll.
The gnoll is almost dead.
The gnoll misses you.
You claw the gnoll!
You kill the gnoll!
You start resting.
A gnoll comes into view. It is wielding a +0 club.
Things that are here:
a +0 spear; a gnoll corpse The gnoll barely misses you.
Things that are here:
a +0 sling; a +0 club You barely miss the gnoll.
The gnoll hits you with a +0 club.
You barely miss the gnoll. The gnoll hits you with a +0 club.
You barely miss the gnoll. The gnoll hits you with a +0 club!
* * * LOW HITPOINT WARNING * * *
You scratch the gnoll.
The gnoll is lightly wounded.
The gnoll completely misses you.
You scratch the gnoll.
The gnoll is heavily wounded.
The gnoll hits you with a +0 club.
* * * LOW HITPOINT WARNING * * *
You scratch the gnoll.
The gnoll is severely wounded.
The gnoll hits you with a +0 club.
* * * LOW HITPOINT WARNING * * *
You barely miss the gnoll.
The gnoll is severely wounded.
The gnoll barely misses you.
You scratch the gnoll.
The gnoll is severely wounded.
You block the gnoll's attack.
You completely miss the gnoll.
The gnoll is severely wounded.
The gnoll hits you with a +0 club!
You die...

...........#.##
#..##.## ....
#..#....## ....... .
#..##.g#.#..###......
..
#....g..............
#..##
####................
...##
#................ ...
#................
#.#####..(..)........:
#...)@g..(.......###.†
####.............# #.#
#................###.#
#.###.####............
# ...)....######.....
#.#........######...
...#.....##..........
## #................>
#.....###....†..##


You could see a gnoll.

Vanquished Creatures
  A gnoll (D:2)
  3 ball pythons
  A bat (D:1)
  5 endoplasms
  2 giant cockroaches (D:1)
  2 goblins
  A hobgoblin (D:1)
  2 quokkas (D:1)
  3 frilled lizards (D:1)
  2 rats (D:2)
22 creatures vanquished.

Notes
Turn   | Place    | Note
-------+----------+-------------------------------------------
     0 | D:1      | IdlyInterested the Demonspawn Fighter began the quest for
                  | the Orb.
     0 | D:1      | Reached XP level 1. HP: 18/18 MP: 1/1
    64 | D:1      | Reached skill level 1 in Stealth
   107 | D:1      | Reached skill level 1 in Dodging
   115 | D:1      | Gained mutation: You have sharp fingernails. [demonic
                  | ancestry]
   115 | D:1      | Reached XP level 2. HP: 24/24 MP: 2/2
   139 | D:1      | Found Nianeame's Jewellery Boutique.
   485 | D:1      | Reached XP level 3. HP: 29/29 MP: 3/3
   681 | D:2      | Slain by a gnoll

Illustrated notes

Levels and vault maps discovered:
D:1:      dpeg_arrival_line_fractal, layout_rooms, serial_shops,
          nicolae_shop_gaudy_bauble, minivault_14
D:2:      layout_rooms, kennysheep_generic_room_13

Skill      XL: |  1  2  3 |
---------------+----------+-----
Stealth        | 1 |  1.0
Dodging        | 1 2 |  2.0
Unarmed Combat | 2 |  2.2
Fighting       | |  3.0
Throwing       | |  0.8
Armour         | |  2.6
Shields        | |  2.6

Action                     || total
---------------------------++-------
  Melee: Spear             ||    31
         Unarmed           ||    47
  Throw: Javelin           ||     2
         Stone             ||     2
 Armour: Scale mail        ||    55
  Dodge: Dodged            ||    23
  Block: Buckler           ||    10

Table legend: (Time is in decaauts)
 A = Elapsed time spent in this place.
 B = Non-inter-level travel time spent in this place.
 C = Inter-level travel time spent in this place.
 D = Time resting spent in this place.
 E = Time spent auto-exploring this place.
 F = Levels seen in this place.
 G = Mean time per level.
                   A        B        C        D        E       F      G
               +--------+--------+--------+--------+--------+-----+--------+
         Total |    684 |    652 |     32 |     79 |    330 |   2 |  342.0 |
       Dungeon |    684 |    652 |     32 |     79 |    330 |   2 |  342.0 |
               +--------+--------+--------+--------+--------+-----+--------+

Top non-repeatable levels by time:
     D:1: 544 daAuts
     D:2: 140 daAuts
